 Dungeon Crawl Stone Soup version 0.26.1-11-gd32895ea62 (webtiles) character file.

Game seed: 17660496537312105192

135 vvl the Cudgeller (level 4, 0/45 HPs)
             Began as a Troll Berserker on June 7, 2021.
             Was a Priest of Trog.
             Slain by an orc priest
             ... wielding a +0 flail
              (11 damage)
             ... on level 3 of the Dungeon.
             The game lasted 00:05:15 (1737 turns).

vvl the Cudgeller (Troll Berserker)                 Turns: 1737, Time: 00:05:16

Health: 0/45       AC:  6    Str: 25    XL:     4   Next: 97%
Magic:  3/3        EV: 10    Int:  4    God:    Trog [***...]
Gold:   118        SH:  0    Dex:  9    Spells: 3/3 levels left

rFire    . . .     SeeInvis .   l - +2 dagger (venom)
rCold    . . .     Faith    .   (no shield)
rNeg     . . .     Spirit   .   b - +0 animal skin
rPois    .         Reflect  .   (helmet restricted)
rElec    .         Harm     .   (no cloak)
rCorr    .         Rampage  .   (gloves unavailable)
Will     .....                  (boots unavailable)
Stlth    +.........             (no amulet)
HPRegen  0.55/turn              (no ring)
MPRegen  0.08/turn              (no ring)

@: no status effects
A: large, unfitting armour, claws 3, regeneration 1, shaggy fur 1, tough skin 3
a: Renounce Religion, Berserk, Trog's Hand


You were on level 3 of the Dungeon.
You worshipped Trog.
Trog was most pleased with you.
You visited 1 branch of the dungeon, and saw 3 of its levels.

You collected 118 gold pieces.

Inventory:

Hand Weapons
 a - a +0 mace
 l - a +2 dagger of venom (weapon)
Missiles
 i - 3 boomerangs
Armour
 b - a +0 animal skin (worn)
Scrolls
 c - 3 scrolls of identify {unknown}
 e - 2 scrolls of fear {unknown}
 f - 4 scrolls of remove curse {unknown}
 h - a scroll of magic mapping {unknown}
 j - a scroll of fog {unknown}
 k - a scroll of blinking {unknown}
 m - a scroll of amnesia {unknown}
 o - a scroll of immolation {unknown}
 r - a scroll of teleportation {unknown}
Potions
 d - 3 potions of heal wounds {unknown}
 g - a potion of brilliance {unknown}
 n - 2 potions of curing {unknown}
 p - 2 potions of lignification {unknown}
 q - a potion of flight {unknown}


   Skills:
 + Level 3.0 Fighting
 * Level 3.8 Maces & Flails
 + Level 1.4 Armour
 + Level 3.0 Dodging
 - Level 0.3 Necromancy


You had 3 spell levels left.
You didn't know any spells.
Your spell library was empty.

Dungeon Overview and Level Annotations

Branches:
Dungeon (3/15)

Altars:


Innate Abilities, Weirdness & Mutations

You are too large for most types of armour.
You have claws for hands.
Your natural rate of healing is unusually fast.
You are covered in fur. (AC +1)
You have extremely tough skin. (AC +3)


Message History

Trog accepts your kill.
The orc priest calls down the wrath of Beogh upon you.
Beogh smites you!
You are too injured to fight recklessly!
You are too injured to fight recklessly!
You are too injured to fight recklessly!
You are too injured to fight recklessly!
You are too injured to fight recklessly!
The orc priest invokes the aid of Beogh against you.
Pain shoots through your body!
There is a stone staircase leading down, spattered with blood here.
Items here: )) [ ††.
You hit the orc priest but do no damage.
The orc priest is poisoned.
The orc priest hits you with a +0 flail.
* * * LOW HITPOINT WARNING * * *
You hit the orc priest but do no damage.
The orc priest looks as sick as possible!
The orc priest hits you with a +0 flail!
You die...

### #.# # #.###
.####... ......##
#.....# #.o.# #@# #.#
.# #.# #.##### ##'##
#.....# ##...##
#.###.## ##.....##
#....... #.......##
##.......
#.........####.......#
+.........'...........


You could see an orc priest (extremely poisoned).

Vanquished Creatures
  A gnoll (D:1)
  3 adders
  5 worms
  2 dart slugs
  3 leopard geckos
  4 orcs (D:3)
  A ball python (D:2)
  4 giant cockroaches
  12 hobgoblins
  12 kobolds
  11 bats
  3 frilled lizards
  4 goblins
  8 rats
73 creatures vanquished.

Notes
Turn   | Place    | Note
-------+----------+-------------------------------------------
     0 | D:1      | vvl the Troll Berserker began the quest for the Orb.
     0 | D:1      | Reached XP level 1. HP: 22/22 MP: 0/0
   158 | D:1      | Reached XP level 2. HP: 23/29 MP: 1/1
   383 | D:1      | Reached XP level 3. HP: 10/36 MP: 2/2
   385 | D:1      | Reached ** piety under Trog
   676 | D:2      | Reached skill level 1 in Armour
   694 | D:2      | Reached XP level 4. HP: 44/44 MP: 3/3
  1613 | D:3      | Reached *** piety under Trog
  1737 | D:3      | Slain by an orc priest

Illustrated notes

Levels and vault maps discovered:
D:1:      ncdulo_halloftheorcs, layout_rooms, feat_on_display
D:2:      layout_rooms
D:3:      layout_loops_corners, marbit_many_paths

Skill      XL: |  1  2  3  4 |
---------------+-------------+-----
Maces & Flails | 3 |  3.8
Armour         | 1 |  1.4
Fighting       | 3 |  3.0
Dodging        | 3 |  3.0
Necromancy     | |  0.3

Action                   |  1- 3 |  4- 6 || total
-------------------------+-------+-------++-------
Melee: Mace              |   116 |    28 ||   144
       Dagger            |       |    97 ||    97
Invok: Berserk           |     1 |       ||     1
Armor: Animal skin       |    79 |    44 ||   123
Dodge: Dodged            |    85 |    62 ||   147
